Unix NetHack Version 5.0.0-0 post-release - last build Jun 10 2026 00:39:30 (3ee93aec679c4c4259841fe613dc97188e26a321,branch:main).

Game began 2026-06-24 22:49:40, ended 2026-06-24 23:57:31.

IanCurtis, chaotic male elven Wizard

                      ---------------------------------------           -----
             -------  |................*....................|   ----  ---...|
            --.....---|.------------------#----------------.-----..----.....--
    -- ------........||[|           ...`..............[...|..................|
    |.--.|.|.........-|.|         -- -...`..-------------.|.-----....--......|
    |.................|`| |   |   |. |......|           |.|)|   |..---|......|
  ---.....*...........|)|.|   |......-.....`|           |.#.|   --.-  --....--
 --.............--......#.|       |. |`.....|           |.|%--   |..----...--
 |..............--....|.|[-- --- -----.....)-- --       |.|.<--- |..|......|
 |.............|.....>|.|.......................-- ---+--.|`...------.------
 --.........--.|.....-|.|`........{.+.f....{`..........*`))*.`.........|--
  -.......%.-|.....*--|.|...........--@..--.....--+--- --.|......----..|.--
 |.......--..|......| |.| --|------.|.....|.-----       |.|......-- |-....|
 --......|--.|-...--| |[|    .    | |.....|`|           |.|)......---.....|
  |...------.--.....| |.|    ..     |.._..|             |.|..............--
  |.--    |.....---.---)| |   .|   .|.*...|             |.|.....--......-.-
  --      |.....| |.....|.---------.-------  -----      -.|.....|---.....-
          ---...| -----`#..........`          ...        .|`*...---|......-
            --..|     |.----------#------------#-----------.......|--.--.--
             ----     |.........*`.........*............**.*--.|..| --- --
                       ------------------------------------- ------
IanCurtis the Thaumaturge  St:12 Dx:12 Co:16 In:20 Wi:10 Ch:8  Chaotic
Dlvl:7  $:144 HP:0(61) Pw:44(97) AC:7  Xp:8 T:4648 

Latest messages:
 Unluckily, you feel the power of Anhur decrease.
 You see here a jaguar corpse.
 You have trouble lifting a jaguar corpse.  Continue? [ynq] (q) q
 The straw golem hits!
 The straw golem hits again!
 You hit the straw golem!
 The straw golem hits!
 The straw golem hits again!
 You hit the straw golem.
 The straw golem hits!
 The straw golem hits again!
 In what direction? h
 The spell hits the straw golem!
 You destroy the straw golem!
 The spell hits Ulog-othog of Rukoggor!
 You kill Ulog-othog of Rukoggor!
 You have trouble lifting a jaguar corpse.  Continue? [ynq] (q) y
 You have trouble lifting w - a jaguar corpse.
 You rebalance your load.  Movement is difficult.
 What do you want to drop? [$a-gk-rtuwxCEFIK-N or ?*] w
 A jaguar corpse lands on the altar.
 Your movements are now unencumbered.
 There is an uncursed jaguar corpse here; sacrifice it? [ynq] (n) y
 Your sacrifice is consumed in a burst of flame!
 You sense a conflict between Anhur and Moloch.
 Unluckily, you feel the power of Anhur decrease.
 You hear bubbling water.
 You have much trouble lifting an orc shaman corpse named Ulog-othog of Rukoggor.  Continue? [ynq] (q) y
 You have much trouble lifting y - an orc shaman corpse named Ulog-othog of Rukoggor.
 You stagger under your heavy load.  Movement is very hard.
 The lynx hits!
 The lynx hits again!
 The lynx bites!
 The lynx hits!
 The lynx hits again!
 The lynx bites!
 The lynx hits!
 The lynx hits again!
 The lynx bites!
 The lynx hits!
 The lynx hits again!
 The lynx bites!
 What do you want to drop? [$a-gk-rtuxyCEFIK-N or ?*] y
 You drop an orc shaman corpse named Ulog-othog of Rukoggor.
 Your movements are now unencumbered.
 The lynx hits!
 The lynx hits again!
 The lynx bites!
 You die...
 Do you want your possessions identified? [ynq] (y) q

Inventory:
 Coins    ('$')
  $ - 144 gold pieces
 Amulets  ('"')
  u - an uncursed amulet of restful sleep
  t - a cursed amulet of restful sleep
 Weapons  (')')
  C - a +0 dagger
  f - a cursed +0 dagger
  a - a blessed +1 quarterstaff (weapon in hands)
 Armor    ('[')
  E - an uncursed +0 cloak of magic resistance (being worn)
 Comestibles  ('%')
  M - an uncursed eucalyptus leaf
  l - an uncursed food ration
  g - an uncursed lizard corpse
  k - an uncursed lizard corpse
 Scrolls  ('?')
  p - 2 uncursed scrolls of create monster
 Rings    ('=')
  e - an uncursed ring of fire resistance (on left hand)
  I - an uncursed +2 ring of protection (on right hand)
 Wands    ('/')
  c - a wand of light (0:11)
  K - a wand of magic missile (0:5)
  m - a wand of make invisible (0:0)
  x - a wand of stasis (0:5)
 Tools    ('(')
  b - an uncursed bag of holding containing 23 items
  o - an uncursed wooden flute
  F - an uncursed wooden flute
  N - an expensive camera (0:64)
  n - a magic marker (0:19)
  d - a +0 pick-axe
  L - an uncursed partly used tallow candle
  q - a +0 unicorn horn
  r - a +0 unicorn horn

Contents of the bag of holding:
  an uncursed scroll of earth
  an uncursed scroll of remove curse
  a cursed scroll of remove curse
  an uncursed scroll of confuse monster
  a blessed scroll of punishment
  an uncursed scroll of enchant weapon
  an uncursed scroll of destroy armor
  an uncursed scroll of taming
  an uncursed scroll of blank paper
  an uncursed scroll of create monster
  2 uncursed scrolls of enchant armor
  an uncursed scroll of food detection
  an uncursed scroll of light
  an uncursed spellbook of charm monster
  an uncursed spellbook of confuse monster
  a blessed spellbook of force bolt
  an uncursed spellbook of healing
  an uncursed potion of gain energy
  an uncursed potion of speed
  an uncursed potion of gain ability
  an uncursed potion of healing
  a potion of holy water
  an uncursed potion of water

IanCurtis the Wizard's attributes:

Background:
 You were a Thaumaturge, a level 8 male elven Wizard.
 You were chaotic, on a mission for Anhur
 who was opposed by Ptah (lawful) and Thoth (neutral).
 You were right-handed.
 You were in the Gnomish Mines, on level 7.
 You entered the dungeon 4648 turns ago.
 It was nighttime.
 You had 2069 experience points, 491 more were needed to attain level 9.

Basics:
 You had 0 out of 61 hit points.
 You had 44 out of 97 energy points (spell power).
 Your armor class was 7.
 Your wallet contained 144 zorkmids.
 Autopickup was off.

Final Characteristics:
 Your strength was 12 (limit:18).
 Your dexterity was 12 (limit:18).
 Your constitution was 16 (limit:16).
 Your intelligence was 20 (limit:20).
 Your wisdom was 10 (limit:20).
 Your charisma was 8 (limit:18).

Final Status:
 You weren't hungry.
 You were unencumbered.
 You were wielding a quarterstaff.
 You were skilled in quarterstaff.

Final Attributes:
 You were piously aligned.
 You were magic-protected.
 You were fire resistant.
 Your items were protected from fire.
 You were sleep resistant.
 You were poison resistant.
 You were telepathic.
 You had infravision.
 You had a small defense bonus (+2).
 You were guarded.
 You were unlucky.
 You are dead.

Miscellaneous:
 You encountered 1 bones level.
 Total elapsed playing time was 31 minutes and 18 seconds.

Major events:
 Turn
    1: IanCurtis the chaotic male elven Wizard entered the dungeon
  773: attained the rank of Conjurer (level 3)
 1224: entered the Gnomish Mines
 1507: reached Mine Town
 1695: attained the rank of Thaumaturge (level 6)
 4648: killed by a lynx

Spells:
 Name                 Level Category     Fail Retention
 force bolt             1   attack         0%   76%-80%
 confuse monster        1   enchantment    0%   71%-80%
 healing                1   healing        0%  76%-100%

Skills:
 Fighting Skills
   bare handed combat [Unskilled]
   riding             [Unskilled]
 Weapon Skills
   dagger             [Unskilled]
   knife              [Unskilled]
   axe                [Unskilled]
   short sword        [Unskilled]
   club               [Unskilled]
   mace               [Unskilled]
   quarterstaff       [Skilled]
   polearms           [Unskilled]
   spear              [Unskilled]
   trident            [Unskilled]
   sling              [Unskilled]
   dart               [Unskilled]
   shuriken           [Unskilled]
 Spellcasting Skills
   attack spells      [Skilled]
   healing spells     [Unskilled]
   divination spells  [Unskilled]
   enchantment spells [Basic]
   clerical spells    [Unskilled]
   escape spells      [Unskilled]
   matter spells      [Unskilled]

Voluntary challenges:
 Character rerolling was not enabled.
 You never genocided any monsters.
 You never polymorphed an object.
 You never changed form.
 You used no wishes.
Achievements:
 You attained the rank of Conjurer.
 You entered the Gnomish Mines.
 You entered Minetown.
 You attained the rank of Thaumaturge.

 The Dungeons of Doom: levels 1 to 4
    Level 1:
    Level 2:
    Level 3: "vault"
       A fountain, a sink, many trees.
    Level 4:
       Stairs down to The Gnomish Mines.
 The Gnomish Mines: levels 5 to 8
    Level 5:
    Level 6:
    Level 7: <- You were here.
       An altar, some fountains.
       Final resting place for
          you, killed by a lynx.
    Level 8:
       Final resting place for
          FalseGod-Hea-Gno-Fem-Neu, killed by a giant bat, while fainted from lack of food.


Vanquished creatures:
  a large dog
  a large cat
  a giant beetle
  a quivering blob
  6 orc-captains
 an iron piercer
  2 lizards
  3 chickatrices
  2 jaguars
  a white unicorn
  a gray unicorn
  a dust vortex
  a raven
  5 fire ants
  a quasit
  a Mordor orc
  5 Uruk-hai
  2 orc shamans
  a rock piercer
  a yellow light
  a violet fungus
  3 gnome leaders
  2 straw golems
  a little dog
  a floating eye
  a kitten
  4 dwarves
 15 hill orcs
  a giant bat
  a monkey
  a werejackal
 an iguana
  6 killer bees
 an acid blob
  3 hobbits
 10 manes
  a hobgoblin
  a cave spider
  a brown mold
  a yellow mold
 11 gnomes
  6 garter snakes
  3 geckos
  3 jackals
  4 foxes
  2 goblins
  a sewer rat
  5 grid bugs
  2 lichens
  a kobold zombie
  8 newts
140 creatures vanquished.

No species were genocided or became extinct.

Game over:
                       ----------
                      /          \
                     /    REST    \
                    /      IN      \
                   /     PEACE      \
                  /                  \
                  |    IanCurtis     |
                  |      144 Au      |
                  | killed by a lynx |
                  |                  |
                  |                  |
                  |                  |
                  |       2026       |
                 *|     *  *  *      | *
        _________)/\\_//(\/(/\)/\//\/|_)_______

Goodbye IanCurtis the Wizard...

You died in The Gnomish Mines on dungeon level 7 with 8766 points,
and 144 pieces of gold, after 4648 moves.
You were level 8 with a maximum of 61 hit points when you died.

